 Dungeon Crawl Stone Soup version 0.21-a0-632-g1e37ce5 (webtiles) character file.

70 slep the Chopper (level 4, 0/34 HPs)
             Began as a Formicid Gladiator on Dec 28, 2017.
             Was an Initiate of Okawaru.
             Slain by a crimson imp (4 damage)
             ... on level 3 of the Dungeon.
             The game lasted 00:08:43 (1587 turns).

slep the Chopper (Formicid Gladiator)               Turns: 1587, Time: 00:08:44

Health: 0/34       AC:  3    Str: 19    XL:     4   Next: 45%
Magic:  4/4        EV: 13    Int:  7    God:    Okawaru [......]
Gold:   23         SH:  0    Dex: 13    Spells: 3/3 levels left

rFire    . . .     SeeInvis +   p - -3 hand axe (curse)
rCold    . . .     Gourm    .   (no shield)
rNeg     . . .     Faith    .   b - +0 leather armour
rPois    .         Spirit   .   (helmet unavailable)
rElec    .         Reflect  .   (no cloak)
rCorr    .         Harm     .   (no gloves)
MR       .....                  (no boots)
Stlth    +.........             (no amulet)
HPRegen  0.11/turn              (no ring)
MPRegen  0.09/turn              (no ring)

@: no status effects
A: permanent stasis, dig shafts and tunnels, four strong arms, antennae 3
a: Dig, Shaft Self, Renounce Religion


You were on level 3 of the Dungeon.
You worshipped Okawaru.
Okawaru was noncommittal.
You were hungry.

You visited 1 branch of the dungeon, and saw 4 of its levels.

You collected 23 gold pieces.

Inventory:

Hand Weapons
 a - a +0 war axe
 p - a cursed -3 hand axe (weapon)
Missiles
 c - 3 throwing nets (quivered)
Armour
 b - a +0 leather armour (worn)
 h - a +0 buckler
Scrolls
 e - 4 scrolls of identify {unknown}
 f - a scroll of blinking {unknown}
 j - a scroll of fog {unknown}
 k - a scroll of amnesia {unknown}
 l - a scroll of remove curse {unknown}
 m - a scroll of enchant weapon {unknown}
Potions
 g - a potion of lignification {unknown}
 i - a potion of agility {unknown}
 n - a potion of heal wounds {unknown}
Comestibles
 d - 4 rations
 o - a chunk of flesh


   Skills:
 + Level 2.7 Fighting
 + Level 4.2 Axes
 + Level 2.0 Throwing
 + Level 0.6 Armour
 + Level 3.0 Dodging


You had 3 spell levels left.
You didn't know any spells.

Dungeon Overview and Level Annotations

Branches:
Dungeon (4/15)
 Temple: D:4-7

Altars:
Okawaru
Yredelemnul

Annotations:
D:2 1 runed door


Innate Abilities, Weirdness & Mutations

You cannot be hasted, slowed, berserked, paralysed or teleported.
You can dig through walls and to a lower floor.
Your four strong arms can wield two-handed weapons with a shield.
You have a pair of large antennae on your head. (SInv)


Message History

You closely miss the crimson imp. The crimson imp closely misses you.
You barely miss the crimson imp. The crimson imp closely misses you.
You hit the crimson imp.
The crimson imp is moderately wounded.
The crimson imp barely misses you.
You miss the crimson imp.
The crimson imp is moderately wounded.
The crimson imp misses you.
You closely miss the crimson imp.
The crimson imp is lightly wounded.
The crimson imp closely misses you. The crimson imp hits you.
* * * LOW HITPOINT WARNING * * *
You hit the crimson imp.
The crimson imp is moderately wounded.
The crimson imp hits you.
* * * LOW HITPOINT WARNING * * *
You closely miss the crimson imp.
The crimson imp is lightly wounded.
The crimson imp hits you.
You die...

##.#.#### #.#..########
#.#.# #.#.....5...#
#.#.# #.##.######.#
#.#.# ######.##.######.#
#.#.. .................#
#.######...####.########
#......[.#†.###.#
########..†.....#
..........@5..#
##.###....###.# #..).#
#... #....# #.### #.....
..# #.......## ####.#.#
#.#.# #.#.#


You could see a crimson imp.

Vanquished Creatures
  2 oozes
  2 worms (D:2)
  4 dart slugs
  A leopard gecko (D:2)
  3 giant cockroaches
  5 goblins
  3 hobgoblins
  3 jackals (D:2)
  4 kobolds
  2 quokkas (D:2)
  A ball python (D:2)
  7 bats
  3 frilled lizards
  7 rats
47 creatures vanquished.

Notes
Turn   | Place    | Note
-------+----------+-------------------------------------------
     0 | D:1      | slep the Formicid Gladiator began the quest for the Orb.
     0 | D:1      | Reached XP level 1. HP: 16/16 MP: 1/1
   220 | D:1      | Reached XP level 2. HP: 14/22 MP: 2/2
   257 | D:1      | HP: 1/23 [goblin/club (1)]
   334 | D:1      | Reached XP level 3. HP: 8/28 MP: 3/3
  1169 | D:2      | Found a basalt altar of Yredelemnul.
  1199 | D:2      | Reached XP level 4. HP: 18/34 MP: 4/4
  1304 | D:2      | Found a runed door.
  1326 | D:2      | Reached skill level 4 in Axes
  1374 | D:2      | Found an iron altar of Okawaru.
  1385 | D:2      | Became a worshipper of Warmaster Okawaru
  1440 | D:2      | You fall through a shaft for 2 floors!
  1587 | D:3      | Slain by a crimson imp

Vault maps used:
D:1:      evilmike_arrival_fibonacci_small
D:2:      old_standard_altar, minmay_misc_feat_encased,
          okawaru_ov_weapons_minmay, uniq_crazy_yiuf_cottage
D:3:      nicolae_tso_carved_into_rock, minitemple
D:4:      kennysheep_the_goblin_king, first_ration, kennysheep_generic_room_8

Skill      XL: |  1  2  3  4 |
---------------+-------------+-----
Dodging        | 3 |  3.0
Axes           | 4 |  4.2
Fighting       | |  2.7
Throwing       | |  2.0
Armour         | |  0.6

Action                   |  1- 3 |  4- 6 || total
-------------------------+-------+-------++-------
Melee: War axe           |    96 |    22 ||   118
       Hand axe          |       |    71 ||    71
 Stab: Sleeping          |     1 |       ||     1
  Eat: Chunk             |       |     2 ||     2
Armor: Leather armour    |    37 |    31 ||    68
Dodge: Dodged            |    84 |    98 ||   182

Table legend:
 A = Spawn XP
 B = Non-spawn XP
 C = Spawn XP percentage of total XP
 D = Spawn monster count
 E = Non-spawn monster count
 F = Spawn count percentage of total count
 G = Total turns spent on level
                    A         B        C        D         E        F      G
               +---------+---------+-------+---------+---------+-------+---------
         Total |       0 |     101 |   0.0 |       0 |      47 |   0.0 |  1587
               +---------+---------+-------+---------+---------+-------+---------
           D:1 |       0 |      39 |   0.0 |       0 |      19 |   0.0 |  1014
           D:2 |       0 |      48 |   0.0 |       0 |      24 |   0.0 |   426
           D:3 |       0 |      14 |   0.0 |       0 |       4 |   0.0 |   136
               +---------+---------+-------+---------+---------+-------+---------
